 Dungeon Crawl Stone Soup version 0.14-a0-2592-g262d02f (webtiles) character file.

2011 Kae the Conjurer (level 8, -12/57 HPs)
             Began as a Mottled Draconian Wizard on Feb 12, 2014.
             Was an Initiate of Vehumet.
             Killed by divine providence
             ... invoked by an orc priest
              (13 damage)
             ... on Level 6 of the Dungeon.
             The game lasted 00:14:44 (9621 turns).

Kae the Conjurer (Mottled Draconian Wizard)         Turns: 9621, Time: 00:14:44

HP -12/57        AC  6     Str  9      XL: 8   Next: 72%
MP   6/21        EV 12     Int 22      God: Vehumet [......]
Gold 322         SH  0     Dex  9      Spells:  4 memorised, 11 levels left

rFire  . . .     SeeInvis .     w - staff of conjuration (curse)
rCold  . . .     Clarity  .     (armour unavailable)
rNeg   . . .     Conserve .     (no shield)
rPois  .         rCorr    +     b - +0 hat (curse)
rElec  .         rRot     .     (no cloak)
SustAb . .       Spirit   .     (no gloves)
rMut   .         Warding  .     (no boots)
Saprov . . .     Stasis   .     n - cursed amulet of resist corrosion
MR     .....                    (no ring)
                                (no ring)

@: not resistant to hostile enchantments, unstealthy
A: breathe sticky flames, unfitting armour, AC +6
a: Breathe Sticky Flame, Renounce Religion


You were on level 6 of the Dungeon.
You worshipped Vehumet.
Vehumet was noncommittal.
You were not hungry.

You visited 2 branches of the dungeon, and saw 7 of its levels.
You also visited: Sewer and Ossuary.

You collected 322 gold pieces.

Inventory:

Hand weapons
 e - a cursed +0,+0 short sword
Missiles
 G - 6 tomahawks (quivered)
Armour
 b - a cursed +0 hat (worn)
Comestibles
 d - 6 bread rations
 i - 3 meat rations
 F - 4 rotting chunks of ogre flesh
Scrolls
 a - 4 scrolls of identify
 j - 2 scrolls of fog
 k - a scroll of random uselessness
 o - 7 scrolls of teleportation
 r - 3 scrolls of amnesia
 y - a scroll of remove curse
 z - a scroll of magic mapping {unknown}
 C - 2 scrolls of enchant weapon II {unknown}
 D - a scroll of curse armour {unknown}
Jewellery
 f - an uncursed amulet of faith
 n - a cursed amulet of resist corrosion (around neck)
 s - a cursed amulet of clarity
 A - an uncursed amulet of warding {unknown}
Potions
 g - 2 potions of heal wounds
 h - 3 potions of paralysis
 m - a potion of poison {unknown}
 p - a potion of curing
 q - 2 potions of agility
 t - 2 potions of might {unknown}
 v - a potion of flight
 x - a potion of lignification {unknown}
 B - a potion of restore abilities
 E - a potion of degeneration {unknown}
Books
 c - a book of Minor Magic

   Spells                             Type                      Level
   *Magic Dart                        Conjuration                  1
   *Blink                             Translocation                2
   *Call Imp                          Summoning                    2
   Repel Missiles                     Charms/Air                   2
   Slow                               Hexes                        2
   *Conjure Flame                     Conjuration/Fire             3
   Mephitic Cloud                     Conjuration/Poison/Air       3
 l - a book of Ice

   Spells                             Type                      Level
   Freezing Aura                      Charms/Ice                   2
   Ensorcelled Hibernation            Hexes/Ice                    2
   Ozocubu's Refrigeration            Ice                          6
   Bolt of Cold                       Conjuration/Ice              6
   Freezing Cloud                     Conjuration/Ice/Air          6
   Metabolic Englaciation             Hexes/Ice                    6
   Simulacrum                         Ice/Necromancy               6
 u - a book of Annihilations {highlevel}

   This book is beyond your current level of understanding.

   Spells                             Type                      Level
   Poison Arrow                       Conjuration/Poison           6
   Chain Lightning                    Conjuration/Air              8
   Lehudib's Crystal Spear            Conjuration/Earth            8
   Ice Storm                          Conjuration/Ice              9
   Fire Storm                         Conjuration/Fire             9
Magical staves
 w - a cursed staff of conjuration (weapon)


   Skills:
 - Level 1.7 Dodging
 - Level 1.7 Stealth
 + Level 6.3 Spellcasting
 * Level 8.4 Conjurations
 - Level 1.0 Summonings
 - Level 1.0 Translocations
 + Level 4.3 Fire Magic


You had 11 spell levels left.
You knew the following spells:

 Your Spells              Type           Power        Failure   Level  Hunger
a - Magic Dart            Conj           ####         1%          1    None
b - Conjure Flame         Conj/Fire      ######..     1%          3    ##.....
c - Blink                 Tloc           N/A          10%         2    None
d - Call Imp              Summ           ##........   10%         2    None


Dungeon Overview and Level Annotations

Branches:
Dungeon (6/16)             Temple (1/1) D:5

Altars:
Ashenzari
Cheibriados
Dithmenos
Elyvilon
Fedhas
Kikubaaqudgha
Makhleb
Nemelex Xobeh
Okawaru
Sif Muna
Trog
Vehumet
Xom
Yredelemnul
Zin
The Shining One

Shops:
D:6 (


Message History

Confirm with . or Enter, or press ? or * to list all spells.
Aiming: Magic Dart
Press: ? - help, Shift-Dir - straight line, f/p - orc priest
Aim: an orc priest, wielding an orcish mace and wearing an orcish scale mail (moderately wounded)
You feel a surge of power!
The magic dart hits the orc priest.
The orc priest is heavily wounded.
The orc priest becomes somewhat translucent.
The orc priest invokes the aid of Beogh against you.
Something smites you!
* * * LOW HITPOINT WARNING * * *
Casting: Magic Dart
Confirm with . or Enter, or press ? or * to list all spells.
Aiming: Magic Dart
Press: ? - help, Shift-Dir - straight line, f/p - orc priest
Aim: an orc priest, wielding an orcish mace and wearing an orcish scale mail (heavily wounded)
You feel a surge of power!
The magic dart hits the orc priest.
The orc priest is heavily wounded.
The orc priest mumbles some strange prayers to Beogh against you.
Something smites you!
You die...

###...#.# #.##.....
#.......#####.##.....
#.#...#.......##.....
#.....##.#######.....
#.####o.##.# #.....
#.......##.# ######
######.###.### #####
#.oo......# #....
#..@......# #....
#.........# #....
#.........# #....
#.........## #..._
#..........# #....
###'###%...# #####
#%# #....# #.# #.####
#.# #.#


You could see 2 orc priests and an orc.

Vanquished Creatures
  Grinder (D:4)
  A phantom (D:4)
  An ogre (D:6)
  6 elf zombies (Ossuary)
  A jelly (D:6)
  A crimson imp (D:5)
  2 centaur zombies (Ossuary)
  2 hounds
  3 worker ants
  4 human zombies (Ossuary)
  A scorpion (D:4)
  An orc priest (D:6)
  Terence (D:2)
  5 mummies
  10 adders
  A giant centipede (D:4)
  4 gnolls (D:5)
  3 giant mites
  An inept item mimic (D:5)
  5 worms
  A grey rat (D:4)
  A giant eyeball (D:6)
  4 giant geckos
  9 oozes
  6 orcs
  5 ball pythons
  9 giant cockroaches
  10 hobgoblins
  9 jackals
  9 kobolds
  3 quokkas
  17 bats
  2 giant gecko skeletons (D:4)
  6 giant newts
  4 goblins
  A goblin skeleton (D:4)
  A hobgoblin zombie (D:5)
  A kobold zombie (D:5)
  An orc skeleton (D:4)
  17 rats
  A rat zombie (D:4)
171 creatures vanquished.

Vanquished Creatures (collateral kills)
  A gnoll shaman (D:5)
  A gnoll (D:5)
2 creatures vanquished.

Vanquished Creatures (others)
  An iron imp (D:5)
1 creature vanquished.

Grand Total: 174 creatures vanquished

Notes
Turn   | Place    | Note
--------------------------------------------------------------
     0 | D:1      | Kae, the Draconian Wizard, began the quest for the Orb.
     0 | D:1      | Reached XP level 1. HP: 14/14 MP: 4/4
   474 | D:1      | Reached XP level 2. HP: 20/20 MP: 0/6
  1334 | D:2      | Reached XP level 3. HP: 16/26 MP: 1/8
  1813 | D:2      | Noticed Terence
  1818 | D:2      | Learned a level 3 spell: Conjure Flame
  1845 | D:2      | Killed Terence
  2145 | D:2      | Reached XP level 4. HP: 33/33 MP: 3/10
  2342 | D:2      | Found a shadowy altar of Dithmenos.
  2860 | D:3      | Learned a level 2 spell: Blink
  2863 | D:3      | Learned a level 2 spell: Call Imp
  3533 | D:3      | Reached skill level 4 in Spellcasting
  3533 | D:3      | Reached XP level 5. HP: 32/38 MP: 0/13
  3651 | D:4      | Noticed Grinder
  3655 | D:4      | Paralysed by Grinder for 2 turns
  3772 | D:4      | Paralysed by Grinder for 5 turns
  3781 | D:4      | Found a glowing drain.
  3937 | Sewer    | Entered a sewer
  5610 | D:4      | Killed Grinder
  5610 | D:4      | Reached skill level 5 in Conjurations
  5610 | D:4      | Reached XP level 6. HP: 17/45 MP: 1/16
  5840 | D:4      | Reached skill level 5 in Spellcasting
  6096 | D:4      | Reached skill level 6 in Conjurations
  6096 | D:4      | Your scales start taking on a weird mottled pattern.
  6096 | D:4      | Reached XP level 7. HP: 50/50 MP: 12/18
  6262 | D:4      | Found a blossoming altar of Fedhas.
  6262 | D:4      | Found a shimmering altar of Xom.
  6408 | D:4      | Noticed a phantom
  6426 | D:4      | Killed a phantom
  6565 | D:4      | Reached skill level 1 in Fire Magic
  6836 | D:5      | Entered Level 5 of the Dungeon
  6915 | D:5      | Paralysed by a potion of paralysis for 4 turns
  7053 | D:5      | Found a sand-covered staircase.
  7144 | Ossuary  | Entered an ossuary
  7285 | Ossuary  | Reached skill level 7 in Conjurations
  7596 | Ossuary  | Reached XP level 8. HP: 57/57 MP: 16/20
  8197 | D:5      | Found a staircase to the Ecumenical Temple.
  8364 | Temple   | Entered the Ecumenical Temple
  8448 | Temple   | Became a worshipper of Vehumet
  8597 | D:5      | Reached skill level 8 in Conjurations
  9039 | D:6      | Found Lihiakh's Antique Weapon Boutique.
  9308 | D:6      | Found a snail-covered altar of Cheibriados.
  9620 | D:6      | HP: 1/57 [orc priest/divine providence (13)]
  9621 | D:6      | Killed from afar by an orc priest

Action                   |  1- 3 |  4- 6 |  7- 9 || total
-------------------------+-------+-------+-------++-------
Melee: Unarmed           |    15 |       |       ||    15
       Short sword       |    40 |    78 |       ||   118
       Staff             |       |       |    69 ||    69
 Cast: Magic Dart        |    78 |   223 |   241 ||   542
       Conjure Flame     |     1 |     1 |     7 ||     9
       Call Imp          |       |       |     1 ||     1
  Use: Scroll            |       |     9 |     5 ||    14
       Potion            |       |     6 |     5 ||    11
 Stab: Sleeping          |       |     2 |       ||     2
